 Dungeon Crawl Stone Soup version 0.30-a0-772-g5528072125 (webtiles) character file.

Game seed: 14054608985349183927

44239 holysushi the Spry (level 13, -8/57 HPs)
             Began as a Felid Monk on Feb 12, 2023.
             Was an Initiate of Gozag.
             Killed from afar by a wizard (38 damage)
             ... with a fireball
             ... on level 12 of the Dungeon.
             The game lasted 01:09:03 (27864 turns).

holysushi the Spry (Felid Monk)                    Turns: 27864, Time: 01:09:04

Health: -8/57      AC:  7    Str: 13    XL:     13   Next: 95%
Magic:  17/17      EV: 41    Int: 11    God:    Gozag
Gold:   1087       SH:  0    Dex: 27    Spells: 4/16 levels left
                                        Lives:  0   Deaths: 4

rFire   . . .      SeeInvis +      - Unarmed
rCold   + . .      Faith    .    (shield unavailable)
rNeg    . . .      Spirit   .    (body armour unavailable)
rPois   +          Reflect  .    (helmet unavailable)
rElec   +          Harm     .    (cloak unavailable)
rCorr   .          Rampage  .    (gloves unavailable)
Will    ++...                    (boots unavailable)
Stlth   +++++++                  q - amulet of the Air {Inacc Air Fly rElec RMsl}
HPRegen 0.29/turn                C - ring of Rinukk {rPois Will+ AC+4 Dex+3}
MPRegen 0.15/turn                i - +6 ring of strength

@: flying, repel missiles, quick
A: very small, claws 1, fangs 3, see invisible, speed 1, shaggy fur 3, stealthy
paws, no weapons or thrown items, no armour, multi-lived
a: Renounce Religion, Potion Petition, Call Merchant, Bribe Branch


You were on level 12 of the Dungeon.
You worshipped Gozag.
Gozag was most pleased with you.
You visited 4 branches of the dungeon, and saw 18 of its levels.
You also visited: Bailey, Gauntlet and Ice Cave.

You collected 5923 gold pieces.
You spent 2133 gold pieces at shops.
You paid 2703 gold pieces to Gozag.

Inventory:

Jewellery
 d - a ring of protection from fire
 g - a ring of fire
 i - a +6 ring of strength (right paw)
 o - a ring of resist corrosion
 p - a ring of willpower
 q - the amulet of the Air (around neck) {Inacc Air Fly rElec RMsl}
   (You bought it in a shop on level 10 of the Dungeon)

   [amulet of nothing]

   Inacc:     It reduces the accuracy of your attacks and spells.
   Air:       It enhances your air magic.
   rElec:     It insulates you from electricity.
   Fly:       It grants you flight.
   RMsl:      It protects you from missiles.
 A - a +6 ring of intelligence
 C - the ring of Rinukk (left paw) {rPois Will+ AC+4 Dex+3}
   (You bought it in a shop on level 7 of the Dungeon)

   [ring of protection]

   AC:        It affects your AC (+4).
   Dex:       It affects your dexterity (+3).
   rPois:     It protects you from poison.
   Will:      It increases your willpower.
 F - a ring of poison resistance
 M - a ring of positive energy
 N - the ring "Saevowo" {*Slow rElec Will- AC+4 Stlth+}
   (You found it in a Gauntlet)

   [ring of protection]

   AC:        It affects your AC (+4).
   rElec:     It insulates you from electricity.
   *Slow:     It may slow you when you take damage.
   Will:      It decreases your willpower.
   Stlth:     It makes you more stealthy.
 P - a ring of protection from fire
Wands
 l - a wand of flame (16)
 u - a wand of roots (2)
 G - a wand of quicksilver (6)
 I - a wand of charming (17)
Scrolls
 c - 4 scrolls of fog
 r - 6 scrolls of noise
 s - 4 scrolls of amnesia
 w - 2 scrolls of poison
 x - a scroll of vulnerability
 y - a scroll of immolation
 B - a scroll of blinking
 E - 6 scrolls of identify
 L - 2 scrolls of teleportation
Potions
 a - 3 potions of ambrosia
 b - 3 potions of berserk rage
 e - a potion of might {unknown}
 f - 6 potions of lignification
 h - 2 potions of magic
 j - 8 potions of heal wounds
 k - 4 potions of cancellation
 m - 4 potions of attraction
 n - 3 potions of haste {unknown}
 t - 10 potions of curing
 v - 3 potions of mutation
 z - a potion of invisibility
 D - 3 potions of brilliance
 O - 3 potions of degeneration {unknown}
 Q - a potion of resistance {unknown}
Miscellaneous
 H - a condenser vane (inert)
 J - a box of beasts
 K - a piece from Xom's chessboard (11/15)


   Skills:
 - Level 7.0 Fighting
 - Level 19.1 Dodging
 - Level 15.0 Stealth
 - Level 14.3 Unarmed Combat
 - Level 2.0 Spellcasting
 - Level 1.0 Conjurations
 - Level 7.0 Hexes
 + Level 8.5 Air Magic
 - Level 1.0 Poison Magic
 - Level 7.4 Evocations


You had 4 spell levels left.
You knew the following spells:

 Your Spells              Type           Power      Damage    Failure   Level
a - Confusing Touch       Hex            16%        N/A       4%          3
b - Poisonous Vapours     Pois/Air       34%        N/A       6%          2
c - Mephitic Cloud        Conj/Pois/Air  13%        N/A       21%         3
d - Airstrike             Air            15%        2d(3-19)  9%          4

Your spell library contained the following spells:

 Spells                   Type           Power      Damage    Failure   Level
 Swiftness                Air            30%        N/A       2%          3
 Ensorcelled Hibernation  Hex/Ice        16%        N/A       11%         2
 Cigotuvi's Dreadful Rot  Necr/Pois/Air  24%        N/A       12%         2
 Kiss of Death            Conj/Necr      8%         2d6       24%         1
 Kindle Blastsparks       Fire/Tloc/Air  22%        2d11      26%         3
 Necrotise                Necr           4%         1d4       28%         1
 Sandblast                Erth           2%         2d4       28%         1
 Passwall                 Tmut/Erth      0%         N/A       41%         2
 Sublimation of Blood     Necr           1%         N/A       41%         2
 Wereblood                Tmut           1%         N/A       41%         2
 Summon Lightning Spire   Summ/Air       15%        N/A       45%         4
 Hailstorm                Conj/Ice       2%         3d3       56%         3
 Ignite Poison            Fire/Tmut/Pois 1%         N/A       61%         3
 Vampiric Draining        Necr           1%         2d6       65%         3
 Dispel Undead            Necr           1%         3d6       96%         4
 Ice Form                 Ice/Tmut       1%         N/A       96%         4
 Lightning Bolt           Conj/Air       8%         1d21      75%         5
 Agony                    Necr           1%         N/A       100%        5
 Summon Forest            Summ/Tloc      0%         N/A       100%        5
 Iron Shot                Conj/Erth      1%         9d1       100%        6
 Summon Hydra             Summ           0%         N/A       100%        7
 Lehudib's Crystal Spear  Conj/Erth      1%         10d2      100%        8
 Animate Armour           Summ/Erth      Unusable   N/A       N/A         4
 Simulacrum               Ice/Necr       Unusable   N/A       N/A         6

Dungeon Overview and Level Annotations

Branches:
Dungeon (12/15) Zot: 25698  Temple (1/1) D:4 Zot: 5966    Lair (3/5) D:8 Zot: 13357
 Spider (0/4) Lair:3          Orc (2/2) D:9 Zot: 7367     Elf (0/3) Orc:2
 Bailey (visited)           IceCv (visited)         Gauntlet (visited)
  Swamp: Lair:2-3    Shoals: Lair:2-3

Altars:
Ashenzari
Cheibriados
Dithmenos
Elyvilon
Fedhas
Gozag
Hepliaklqana
Kikubaaqudgha
Makhleb
Nemelex Xobeh
Okawaru
Qazlal
Ru
Sif Muna
Trog
Uskayaw
Vehumet
Wu Jian
Xom
Yredelemnul
Zin
The Shining One

Shops:
D:2 *   D:6 :   D:7 =   D:9 ([   D:10 =   D:11 *   Orc:1 =   Orc:2 (([*

Annotations:
D:2 Sigmund
D:5 1 exclusion
D:12 3 runed translucent doors, Azrael; Wid Nymp's ghost, journeyman MiHu
Lair:3 2 transporters, exclusion: 2 oklob plants, NinjaNoafa's ghost, journeyman HOFi
Orc:2 3 runed translucent doors, Taran's ghost, journeyman DrBe


Innate Abilities, Weirdness & Mutations

You have sharp claws.
You have razor-sharp teeth.
You have supernaturally acute eyesight. (SInv)
You cover ground quickly. (Speed+)
Your thick and shaggy fur keeps you warm. (AC +3, rC+)
Your paws help you pounce on unaware monsters.
You are incapable of wielding weapons or throwing items.
You cannot wear armour.
You gain extra lives every three experience levels.


Message History

The hell hound misses you.
You closely miss the hell hound.
The hell hound is lightly wounded.
The hell hound completely misses you.
You scratch the hell hound but do no damage.
The hell hound appears confused.
You claw the hell hound.
The hell hound is lightly wounded.
You completely miss the hell hound.
The hell hound is lightly wounded.
The hell knight hits you from afar with a +0 demon trident!
The hell knight prays to its god.
The hell knight seems to speed up.
You pounce on the helpless hell hound from behind!
You eviscerate the hell hound!!!!
You kill the hell hound!
The hell knight completely misses you.
The hell knight mumbles some strange prayers to its god.
The hell knight seems to speed up.
The hell knight calls down the wrath of its god upon you.
The bolt of fire is repelled.
A wizard comes into view. It is wielding a +0 dagger.
The wizard howls an incantation.
The wizard glows brightly for a moment.
The hell knight completely misses you. The wizard completely misses you.
A wizard comes into view.
It is wielding a +0 dagger of protection.
The wizard gestures wildly while chanting.
The wizard flickers and vanishes for a moment.
You hear a shout!
A necromancer comes into view. It is wielding a +0 dagger.
The necromancer shouts!
The wizard shouts!
You hear a shout!
The hell knight hits you from afar with a +0 demon trident!
The wizard gestures wildly while chanting.
The wizard blinks!
The wizard points at you and mumbles some strange words.
The fireball explodes!
The fireball engulfs you!!!
Ouch! That really hurt!
You die...
Your body crumbles into a pile of gold.

#
##..##.#.#.##.#.###....
.. ##....#.#.##.#.#
###.. ...
#....#'#.##.#.# #..
≈§..####.......##.#.#
##.
≈§.$p.###.....###.#.#
#. 4§.p...##.....#
#.#.# ##
4≈§.§.p.'.pp.####.#.# #
G§....###....#..#.#.# #
≈≈..# ##.@..#..#[#.# #
... ##.....#..#.#.# .
##......#..#.#.#
##.......#..#.#.#
##...#'####..#.#.#
###..###'#..#..'[#.#
#...........##.#.#.##
#..######......#.#..##
$ #..##
#...#....#...#####


You could see a hell knight (fast) and 2 wizards.

Vanquished Creatures
  2 orc warlords
  Josephine (D:11)
  Erolcha (D:12)
  A hydra (Lair:2)
  A catoblepas (D:10)
  3 ogre magi (Orc:2)
  A ghost crab (Gauntlet)
  A boulder beetle (D:12)
  19 two-headed ogres
  An orc high priest (Orc:2)
  Urug (Orc:2)
  2 sixfirhies (Gauntlet)
  2 hell knights (D:12)
  2 skysharks (Lair:2)
  Lodul (D:10)
  A necromancer (D:12)
  Pikel (D:9)
  10 orc knights
  2 deep elf pyromancers
  3 orc sorcerers (Orc:2)
  4 ugly things
  6 cyclopes
  2 manticores
  Maurice (D:9)
  3 elephants (Lair:2)
  A rust devil (D:12)
  Joseph (D:9)
  4 cane toads
  2 ice statues (IceCv)
  A gargoyle (D:11)
  3 komodo dragons
  A rime drake (Lair:3)
  11 trolls
  A tyrant leech (Lair:3)
  Grinder (D:3)
  15 blink frogs
  2 shadows
  3 vampires (D:12)
  4 wyverns
  16 yaks
  Grum (D:8)
  A fire elemental (D:11)
  6 wraiths
  A steam dragon (D:7)
  2 basilisks
  2 vampire mosquitoes (D:11)
  3 wargs
  Menkaure (D:4)
  An acid dragon (D:9)
  5 water moccasins
  7 hell hounds (D:12)
  39 orc warriors
  An ice beast (D:6)
  32 ogres
  2 black bears
  A sky beast (D:6)
  4 wolves
  4 centaurs
  2 phantoms
  A lemure (D:9)
  Blork the orc (D:4)
  9 bullfrogs
  A gnoll sergeant (D:10)
  A cane toad simulacrum (IceCv)
  2 necrophages (D:7)
  A scorpion (D:5)
  A two-headed ogre simulacrum (D:11)
  14 wights
  6 killer bees
  5 howler monkeys
  6 electric eels
  2 jellies (D:5)
  A crimson imp (D:10)
  A lava snake (D:7)
  12 hounds
  9 orc priests
  Jessica (D:2)
  2 gnoll boudas
  5 iguanas
  15 orc wizards
  2 spriggan simulacra (D:11)
  2 polar bear simulacra (IceCv)
  2 troll simulacra (D:11)
  15 gnolls
  7 adders
  A shadow imp (D:6)
  6 ufetubi
  A worm (D:3)
  69 orcs
  5 ball pythons
  5 endoplasms
  7 giant cockroaches
  21 goblins
  19 hobgoblins
  4 quokkas
  A bat (D:1)
  4 frilled lizards
  12 kobolds
  3 rats (D:3)
535 creatures vanquished.

Vanquished Creatures (collateral kills)
  An ogre mage (Orc:2)
  An ugly thing (D:10)
  2 yaks (D:11)
  An ogre (Orc:2)
  A cane toad simulacrum (IceCv)
  An elephant simulacrum (IceCv)
7 creatures vanquished.

Vanquished Creatures (others)
  A two-headed ogre (Orc:2)
  A killer bee (D:11)
  9 fungi
  8 plants
19 creatures vanquished.

Grand Total: 561 creatures vanquished

Notes
Turn   | Place    | Note
-------+----------+-------------------------------------------
     0 | D:1      | holysushi the Felid Monk began the quest for the Orb.
     0 | D:1      | Reached XP level 1. HP: 10/10 MP: 2/2
   186 | D:1      | Reached XP level 2. HP: 14/14 MP: 3/3
   585 | D:2      | Reached XP level 3. HP: 12/17 MP: 4/4
   688 | D:2      | Found a sparkling altar of Nemelex Xobeh.
   728 | D:2      | Found Bifineb's Assorted Antiques.
   744 | D:2      | Bought a scroll labelled FAOTHU TUERI for 24 gold pieces
   744 | D:2      | Bought a scroll labelled COBENI CIUPP for 24 gold pieces
   744 | D:2      | Bought a scroll labelled AZERIYFFOP for 24 gold pieces
   765 | D:2      | Noticed Jessica
   771 | D:2      | Killed Jessica
  1064 | D:2      | Noticed Sigmund
  1122 | D:3      | Reached XP level 4. HP: 21/21 MP: 5/5
  1735 | D:3      | Found a faded altar of an unknown god.
  1740 | D:3      | Found a sacrificial altar of Ru.
  1981 | D:3      | Reached skill level 5 in Unarmed Combat
  2145 | D:3      | Noticed Grinder
  2173 | D:3      | Killed Grinder
  2174 | D:3      | Reached XP level 5. HP: 24/24 MP: 6/6
  2174 | D:3      | Gained mutation: You are covered in thick fur. (AC +2)
                  | [Felid growth]
  2174 | D:3      | Reached XP level 6. HP: 28/28 MP: 7/7
  2379 | D:4      | Found a staircase to the Ecumenical Temple.
  2392 | Temple   | Entered the Ecumenical Temple
  2489 | D:4      | Reached skill level 5 in Stealth
  2955 | D:3      | Reached XP level 7. HP: 29/31 MP: 8/8
  2998 | D:3      | Became a worshipper of Ru the Awakened
  3069 | D:4      | Noticed Blork the orc
  3327 | D:4      | Noticed Menkaure
  3393 | D:4      | Killed Menkaure
  3555 | D:4      | Learned a level 3 spell: Confusing Touch
  3607 | D:5      | Entered Level 5 of the Dungeon
  3753 | D:5      | Reached skill level 1 in Hexes
  3900 | D:4      | Killed Blork the orc
  4053 | D:5      | Identified the +2 helmet of the Wasteland {Str+7 SInv}
  4126 | D:5      | Succumbed to a water moccasin's poison
  4127 | D:5      | Reached XP level 6. HP: 0/28 MP: 7/7
  4144 | D:5      | Reached skill level 1 in Evocations
  4146 | D:5      | Killed a water moccasin
  4147 | D:5      | Reached XP level 7. HP: 24/31 MP: 8/8
  4593 | D:5      | Noticed a wraith
  4913 | D:6      | Reached skill level 5 in Hexes
  4913 | D:6      | Reached skill level 5 in Dodging
  5012 | D:5      | Reached XP level 8. HP: 31/34 MP: 9/9
  5101 | D:6      | Found Xorik's Book Emporium.
  5349 | D:6      | Reached skill level 6 in Dodging
  5833 | D:7      | Found a basalt altar of Yredelemnul.
  5840 | D:7      | Found an opulent altar of Gozag.
  5841 | D:7      | Found an iron altar of Okawaru.
  5878 | D:7      | Found Tixiaxzea's Jewellery Shoppe.
  5998 | D:7      | Reached skill level 7 in Dodging
  6247 | D:6      | Reached XP level 9. HP: 37/37 MP: 10/10
  6412 | D:7      | Found an ornate altar of the Wu Jian Council.
  6796 | D:8      | Found a staircase to the Lair.
  6800 | D:8      | Reached skill level 10 in Unarmed Combat
  6809 | D:8      | Noticed a troll
  6822 | D:8      | Noticed Grum
  6861 | D:8      | Noticed a two-headed ogre
  7015 | D:8      | Found a flagged portal.
  7022 | Bailey   | Entered a bailey
  7160 | Bailey   | Noticed an orc knight
  7594 | Bailey   | Reached skill level 8 in Dodging
  7665 | Bailey   | Noticed an orc warlord
  7671 | Bailey   | Slain by an orc warlord
  7672 | Bailey   | Reached XP level 8. HP: 0/34 MP: 9/9
  7752 | Bailey   | Killed an orc warlord
  7753 | Bailey   | Reached skill level 9 in Dodging
  7753 | Bailey   | Reached XP level 9. HP: 37/37 MP: 10/10
  8108 | Bailey   | Killed an orc knight
  8109 | Bailey   | Reached skill level 10 in Dodging
  8222 | D:7      | Killed a troll
  8651 | D:7      | Reached XP level 10. HP: 35/42 MP: 11/11
  8690 | D:8      | Mangled by a two-headed ogre
  8691 | D:8      | Reached XP level 9. HP: -12/39 MP: 10/10
  8714 | D:8      | Killed Grum
  8716 | D:8      | Reached skill level 14 in Dodging
  8716 | D:8      | Reached XP level 10. HP: 25/42 MP: 10/12
  8736 | D:8      | Reached skill level 1 in Spellcasting
  8892 | D:7      | Reached skill level 15 in Dodging
  9171 | D:8      | Found a glowing golden altar of the Shining One.
  9171 | D:8      | Found a glowing silver altar of Zin.
  9172 | D:8      | Found a white marble altar of Elyvilon.
  9579 | D:7      | Fell from the grace of Ru
  9579 | D:7      | Became a worshipper of Gozag Ym Sagoz the Greedy
  9920 | Lair:1   | Entered Level 1 of the Lair of Beasts
 10386 | Lair:1   | Reached skill level 5 in Fighting
 11645 | Lair:2   | Noticed a skyshark
 11648 | Lair:2   | Killed a skyshark
 11649 | Lair:2   | Reached skill level 10 in Stealth
 11670 | Lair:2   | Noticed a cane toad
 11677 | Lair:2   | Killed a cane toad
 11709 | Lair:2   | Noticed a four-headed hydra
 11716 | Lair:2   | Killed a four-headed hydra
 11717 | Lair:2   | Reached XP level 11. HP: 47/47 MP: 13/15
 11745 | Lair:2   | You fall into a shaft and drop 1 floor!
 13160 | D:7      | Bought the ring of Rinukk {rPois Will+ AC+4 Dex+3} for 650
                  | gold pieces
 13323 | Lair:3   | Noticed a five-headed hydra
 13445 | Lair:3   | Noticed a skyshark
 13465 | Lair:2   | Killed a skyshark
 13576 | Lair:3   | Found a transporter.
 13580 | Lair:3   | Noticed an oklob plant
 14008 | Lair:3   | Found a transporter.
 14008 | Lair:3   | Noticed an oklob plant
 14022 | Lair:3   | Noticed a four-headed hydra
 14100 | Lair:3   | Noticed NinjaNoafa's ghost (journeyman HOFi)
 14772 | Lair:3   | Found a hole to the Spider Nest.
 15249 | Lair:3   | Noticed an eight-headed hydra
 15259 | Lair:3   | Noticed a seven-headed hydra
 15436 | D:9      | Noticed Joseph
 15437 | D:9      | Found Desap's Weapon Boutique.
 15462 | D:9      | Killed Joseph
 15567 | D:9      | Found a staircase to the Orcish Mines.
 15569 | D:9      | Found Noilauwu's Armour Boutique.
 15603 | D:9      | Noticed Pikel
 15611 | D:9      | Killed Pikel
 15778 | D:9      | Noticed Maurice
 15798 | D:9      | Reached skill level 16 in Dodging
 15800 | D:9      | Gained mutation: Your thick and shaggy fur keeps you warm.
                  | (AC +3, rC+) [Felid growth]
 15800 | D:9      | Reached XP level 12. HP: 51/51 MP: 16/16
 15831 | D:9      | Killed Maurice
 16213 | D:9      | Got Vaiq's Almanac of the Helpful Queen Bee
 16645 | Orc:1    | Entered Level 1 of the Orcish Mines
 16751 | Orc:2    | Entered Level 2 of the Orcish Mines
 16960 | Orc:2    | Reached skill level 17 in Dodging
 17368 | Orc:2    | Found a runed translucent gate.
 17369 | Orc:2    | Found a runed translucent gate.
 17381 | Orc:2    | Noticed a two-headed ogre
 17381 | Orc:2    | Noticed a two-headed ogre
 17381 | Orc:2    | Noticed a two-headed ogre
 17381 | Orc:2    | Noticed a two-headed ogre
 17381 | Orc:2    | Noticed a two-headed ogre
 17381 | Orc:2    | Noticed a two-headed ogre
 17381 | Orc:2    | Noticed a two-headed ogre
 17385 | Orc:2    | Noticed a two-headed ogre
 17386 | Orc:2    | Noticed an ogre mage
 17386 | Orc:2    | Killed a two-headed ogre
 17388 | Orc:2    | Killed a two-headed ogre
 17389 | Orc:2    | Killed a two-headed ogre
 17389 | Orc:2    | Noticed an ogre mage
 17389 | Orc:2    | Killed a two-headed ogre
 17389 | Orc:2    | Killed a two-headed ogre
 17390 | Orc:2    | Reached skill level 18 in Dodging
 17392 | Orc:2    | Killed a two-headed ogre
 17393 | Orc:2    | Reached skill level 5 in Evocations
 17395 | Orc:2    | Noticed a two-headed ogre
 17396 | Orc:2    | Killed an ogre mage
 17397 | Orc:2    | Killed an ogre mage
 17568 | Orc:1    | Killed a two-headed ogre
 17675 | Orc:2    | Noticed Urug
 17687 | Orc:2    | Killed Urug
 17704 | Orc:2    | Noticed an orc warlord
 17724 | Orc:2    | Noticed a two-headed ogre
 17805 | Orc:1    | Killed a two-headed ogre
 17866 | Orc:1    | Reached skill level 19 in Dodging
 17901 | Orc:2    | Noticed a two-headed ogre
 18015 | Orc:1    | Killed an orc warlord
 18016 | Orc:1    | Reached XP level 13. HP: 15/54 MP: 17/17
 19444 | Orc:2    | Found Miamy's General Store.
 19444 | Orc:2    | Found Qeodocw's Antique Armour Emporium.
 19445 | Orc:2    | Found Ofyekk's Weapon Emporium.
 19445 | Orc:2    | Found Apomp's Weapon Boutique.
 19456 | Orc:2    | Bought a wand of quicksilver (6) for 252 gold pieces
 19456 | Orc:2    | Bought a wand of charming (5) for 120 gold pieces
 19543 | Orc:2    | Noticed a minotaur
 19549 | Orc:2    | Noticed Taran's ghost (journeyman DrBe)
 19567 | Orc:2    | Found a staircase to the Elven Halls.
 19630 | Orc:2    | Found a runed translucent gate.
 20654 | Orc:2    | Found Miamy's General Store.
 20654 | Orc:2    | Found Ofyekk's Weapon Emporium.
 20654 | Orc:2    | Found Qeodocw's Antique Armour Emporium.
 20654 | Orc:2    | Found Apomp's Weapon Boutique.
 20920 | Orc:2    | Found a staircase to the Elven Halls.
 20962 | Orc:2    | Found a runed translucent gate.
 22040 | D:10     | Entered Level 10 of the Dungeon
 22051 | D:10     | Found an ancient bone altar of Kikubaaqudgha.
 22816 | D:10     | Reached skill level 15 in Stealth
 23712 | D:10     | Found a burning altar of Makhleb.
 23712 | D:10     | Found a shimmering altar of Xom.
 23726 | D:10     | Bought the amulet of the Air {Inacc Air Fly rElec RMsl} for
                  | 601 gold pieces
 23726 | D:10     | Found the amulet of the Air {Inacc Air Fly rElec RMsl}
 23899 | D:6      | Bought a book of Vapours for 220 gold pieces
 23903 | D:6      | Learned a level 2 spell: Poisonous Vapours
 23908 | D:6      | Learned a level 4 spell: Airstrike
 24092 | D:11     | Reached skill level 1 in Air Magic
 24092 | D:11     | Reached XP level 14. HP: 54/61 MP: 18/18
 24127 | D:11     | Noticed Josephine
 24151 | D:11     | Killed from afar by Josephine
 24152 | D:11     | Reached XP level 13. HP: -9/52 MP: 17/17
 24228 | D:11     | Found a frozen archway.
 24253 | IceCv    | Entered an ice cave
 24270 | IceCv    | Found a transporter.
 24418 | IceCv    | Found a transporter.
 24424 | IceCv    | Learned a level 3 spell: Mephitic Cloud
 24504 | D:11     | Noticed Lodul
 24584 | D:11     | Found a gate leading to a gauntlet.
 24593 | Gauntlet | Entered a Gauntlet
 24593 | Gauntlet | Found a transporter.
 24608 | Gauntlet | Found the +3 pair of gauntlets of War {Slay+5}
 24610 | Gauntlet | Found a transporter.
 24619 | Gauntlet | Found a transporter.
 24621 | Gauntlet | Found a large runed translucent door.
 24621 | Gauntlet | Found a large runed translucent door.
 24622 | Gauntlet | Found a large runed translucent door.
 24622 | Gauntlet | Found a large runed translucent door.
 24623 | Gauntlet | Found a large runed translucent door.
 24623 | Gauntlet | Found a large runed translucent door.
 24623 | Gauntlet | Found a runed translucent door.
 24623 | Gauntlet | Found a runed translucent door.
 24623 | Gauntlet | Found a large runed translucent door.
 24624 | Gauntlet | Found a transporter.
 24641 | Gauntlet | Found a transporter.
 24655 | Gauntlet | Found a large runed translucent door.
 24656 | Gauntlet | Found a large runed translucent door.
 24656 | Gauntlet | Noticed a cacodemon
 24657 | Gauntlet | Found a large runed translucent door.
 24657 | Gauntlet | Found a large runed translucent door.
 24658 | Gauntlet | Found a runed translucent gate.
 24659 | Gauntlet | Found a transporter.
 24659 | Gauntlet | Found a runed translucent gate.
 24660 | Gauntlet | Found a runed translucent gate.
 24661 | Gauntlet | Found a large runed translucent door.
 24661 | Gauntlet | Found a large runed translucent door.
 24662 | Gauntlet | Found a large runed translucent door.
 24663 | Gauntlet | Found a large runed translucent door.
 24671 | Gauntlet | Found a transporter.
 24683 | Gauntlet | Found a transporter.
 24695 | Gauntlet | Found a transporter.
 24707 | Gauntlet | Found a transporter.
 24724 | Gauntlet | Found a transporter.
 24742 | Gauntlet | Found a transporter.
 24744 | Gauntlet | Found a transporter.
 24771 | Gauntlet | Found a transporter.
 24789 | Gauntlet | Found a transporter.
 24791 | Gauntlet | Found a transporter.
 24865 | Gauntlet | Found a large runed translucent door.
 24869 | Gauntlet | Found a transporter.
 24889 | Gauntlet | Found a transporter.
 24926 | Gauntlet | Noticed an ettin
 25264 | Gauntlet | Identified the ring "Saevowo" {*Slow rElec Will- AC+4
                  | Stlth+}
 25288 | Gauntlet | Identified the +7 trident of Responsibility {drain, Will+
                  | MP+9}
 25288 | Gauntlet | Identified the +5 acid dragon scales of Qocwy {rElec rCorr
                  | Str+6}
 25288 | Gauntlet | Noticed a minotaur
 25342 | Gauntlet | Got the Grimoire of Flinty Accelerants
 25345 | Gauntlet | Got the Compendium of the Endless Beds
 25484 | D:11     | Reached skill level 5 in Air Magic
 25659 | D:10     | Killed Lodul
 25679 | D:11     | Bought a wand of charming (7) for 218 gold pieces
 26054 | D:11     | Killed Josephine
 26069 | D:11     | Reached skill level 1 in Conjurations
 26074 | D:11     | Reached skill level 1 in Poison Magic
 26684 | D:12     | Found a runed translucent door.
 26893 | D:12     | Found a runed translucent gate.
 26893 | D:12     | Found a runed translucent gate.
 26959 | D:12     | Noticed Azrael
 26959 | D:12     | Noticed Erolcha
 27574 | D:12     | Found a runed translucent gate.
 27576 | D:12     | Noticed Wid Nymp's ghost (journeyman MiHu)
 27647 | D:12     | Killed Erolcha
 27864 | D:12     | Killed from afar by a wizard

Illustrated notes

Levels and vault maps discovered:
D:1:      roderic_chinese_lattice_arrival, layout_rooms, minivault_23,
          st_stairs_4, nicolae_figureground_sparkle
D:2:      layout_loops_ring, serial_shops, nicolae_shop_overgrown_old_shop,
          basic_altar, uniq_jessica, uniq_sigmund
D:3:      layout_loops_ring, nicolae_overflow_ecumenical_swirl, uniq_grinder
D:4:      layout_gridville, minmay_temple_entry_wispy, uniq_blork_the_orc,
          uniq_menkaure
D:5:      minmay_clustersquares, layout_gridville
D:6:      layout_basic, serial_shops, nicolae_square_shop, grunt_ministairs_11
D:7:      layout_gridville, mainiacjoe_overflow_alcove_2, minitemple,
          serial_shops, nicolae_inconvenience_store,
          hangedman_decor_diamond_cutter, hex_large
D:8:      layout_cave_pools, good_gods_temple_1, erik_lair_island,
          enter_bailey_2, uniq_grum
D:9:      layout_roguey, orc_david_3, skrybe_limestone_x, uniq_joseph,
          uniq_maurice, uniq_pikel
D:10:     minmay_cut_squares, layout_basic, mainiacjoe_overflow_paths,
          grunt_temple_overflow_champion_of_chaos
D:11:     layout_stronghold, portal_ice_cave_entry_ice_simulacra,
          gauntlet_entry_generic, minmay_bent, uniq_lodul, uniq_josephine
D:12:     mludivico_vault, layout_cave_pods, gammafunk_ghost_spectres,
          nicolae_eternal_life, nzn_life_drinkers, uniq_azrael, uniq_erolcha
Temple:   nicolae_temple_ecumenical_triangle
Lair:1:   layout_loops_ring
Lair:2:   layout_regular_city, chequers_serial_rivers_room_a,
          lemuel_fruit_fields, grunt_megastairs_3, infiniplex_staircase_pool
Lair:3:   layout_gridlike, palyth_hydra_swamp_entry,
          nicolae_spider_entry_tight_spaces, nzn_ghost_randoct
Orc:1:    layout_caves, special_room [special_room_orc]
Orc:2:    st_orc_ogre_mass, layout_diamond_mine, maelrawn_ghost_gauntlet_escape,
          nicolae_orc_pool_cavern, uniq_urug

Skill      XL: |  1  2  3  4  5  6  7  8  9 10 11 12 13 14 |
---------------+-------------------------------------------+-----
Unarmed Combat | 4 6 7 8 9 12 14 | 14.3
Stealth        | 4 5 7 8 10 15 | 15.0
Hexes          | 5 6 7 |  7.0
Evocations     | 3 4 6 7 |  7.4
Dodging        | 5 9 14 15 16 19 | 19.1
Spellcasting   | 2 |  2.0
Fighting       | 5 7 |  7.0
Air Magic      | 8 2 |  8.5
Conjurations   | 1 |  1.0
Poison Magic   | 1 |  1.0

Action                     |  1- 3 |  4- 6 |  7- 9 | 10-12 | 13-15 || total
---------------------------+-------+-------+-------+-------+-------++-------
  Melee: Unarmed           |    90 |   116 |   373 |   649 |   875 ||  2103
         Bite              |     9 |     5 |    50 |    83 |   128 ||   275
         Punch             |     2 |     3 |    31 |    57 |    99 ||   192
   Cast: Confusing Touch   |       |       |    37 |    78 |    48 ||   163
 Invoke: Reject Sacrifices |       |       |     2 |       |       ||     2
         Call Merchant     |       |       |       |     1 |     2 ||     3
  Evoke: Wand              |       |     4 |    43 |     5 |    18 ||    70
         Condenser vane    |       |       |       |     1 |     3 ||     4
         Piece from Xom's  |       |       |       |       |    15 ||    15
         Box of beasts     |       |       |       |       |     2 ||     2
    Use: Scroll            |     3 |     4 |    17 |     6 |     3 ||    33
         Potion            |       |     1 |     4 |     1 |     1 ||     7
   Stab: Sleeping          |     8 |     2 |     2 |    12 |    19 ||    43
         Confused          |       |       |    25 |    47 |    46 ||   118
         Distracted        |       |       |     2 |     3 |    10 ||    15
         Invisible         |       |       |       |       |     5 ||     5
         Petrifying        |       |       |       |       |     1 ||     1
         Petrified         |       |       |       |       |     1 ||     1
 Armour: Skin              |     2 |     3 |     7 |    17 |    33 ||    62
  Dodge: Dodged            |    65 |    91 |   284 |   699 |   942 ||  2081
         Repelled          |       |       |       |       |     2 ||     2

Table legend: (Time is in decaauts)
 A = Elapsed time spent in this place.
 B = Non-inter-level travel time spent in this place.
 C = Inter-level travel time spent in this place.
 D = Time resting spent in this place.
 E = Time spent auto-exploring this place.
 F = Levels seen in this place.
 G = Mean time per level.
                   A        B        C        D        E       F      G
               +--------+--------+--------+--------+--------+-----+--------+
         Total |  24207 |  23026 |   1181 |   7175 |   8420 |  21 | 1152.7 |
       Dungeon |  13004 |  12115 |    889 |   2904 |   5114 |  12 | 1083.7 |
        Temple |     33 |     29 |      4 |      0 |     24 |   1 |   33.0 |
          Lair |   4642 |   4461 |    181 |   1829 |   1631 |   3 | 1547.3 |
  Orcish Mines |   4632 |   4525 |    107 |   1752 |   1379 |   2 | 2316.0 |
        Bailey |   1004 |   1004 |      0 |    431 |     40 |   1 | 1004.0 |
      Ice Cave |    228 |    228 |      0 |    129 |      0 |   1 |  228.0 |
      Gauntlet |    662 |    662 |      0 |    129 |    229 |   1 |  662.0 |
               +--------+--------+--------+--------+--------+-----+--------+

Top non-repeatable levels by time:
   Orc:2: 2638 daAuts
  Lair:2: 2058 daAuts
   Orc:1: 1994 daAuts
  Lair:1: 1767 daAuts
     D:7: 1648 daAuts
     D:9: 1492 daAuts
    D:10: 1458 daAuts
    D:12: 1266 daAuts
     D:6: 1057 daAuts
     D:8: 1038 daAuts
     D:5: 1031 daAuts
     D:4: 1029 daAuts
  Bailey: 1004 daAuts
     D:3: 931 daAuts
    D:11: 892 daAuts
